 Dungeon Sprint DCSS version 0.26-a0-757-g626ac9e51a (webtiles) character file.

Game seed: 7222409691506617061

3887 sahdkjhfkaj the Geomancer (level 10, -11/51 HPs)
             Began as a Vine Stalker Earth Elementalist on Nov 7, 2020.
             Was an Initiate of Gozag.
             Mangled by a komodo dragon (21 damage)
             ... in the Dungeon (Sprint III: "The Ten Rune Challenge").
             The game lasted 00:10:32 (1921 turns).

sahdkjhfkaj the Geomancer (VSEE)                    Turns: 1921, Time: 00:10:33

Health: -11/51     AC:  3    Str: 11    XL:     10   Next: 19%
Magic:  0/25       EV: 15    Int: 18    God:    Gozag
Gold:   98         SH:  0    Dex: 15    Spells: 14/29 levels left

rFire    . . .     SeeInvis .   u - +0 dagger (speed)
rCold    . . .     Faith    .   (no shield)
rNeg     . . .     Spirit   +   c - +0 robe
rPois    .         Reflect  .   (no helmet)
rElec    .         Harm     .   i - +0 cloak
rCorr    .         Rampage  .   (no gloves)
MR       +....     NoTele   +   (no boots)
Stlth    ++++......             (no amulet)
HPRegen  0.57/turn              (no ring)
MPRegen  0.19/turn              (no ring)

@: gold aura
A: fangs 3, regeneration 1, magic shield, antimagic bite, no potion heal 3, rot
immunity
a: Potion Petition, Call Merchant, Bribe Branch, Renounce Religion


You were in the Dungeon.
You worshipped Gozag.
Gozag was noncommittal.
You visited 1 branch You collected 1438 gold pieces.
You paid 1340 gold pieces to Gozag.

Inventory:

Hand Weapons
 u - a +0 dagger of speed (weapon)
Missiles
 b - 19 stones (quivered)
Armour
 c - a +0 robe (worn)
 i - a +0 cloak (worn)
 s - a +0 kite shield
Wands
 t - a wand of paralysis (7)
Scrolls
 j - a scroll of torment {!r, unknown}
 k - a scroll of identify {!r, unknown}
 l - a scroll of enchant armour {!r, unknown}
 n - a scroll of holy word {!r, unknown}
 o - 2 scrolls of magic mapping {!r, unknown}
 p - 2 scrolls of remove curse {!r}
Potions
 a - 4 potions of flight {!q}
 e - a potion of haste {!q}
 f - a potion of magic {!q}
 g - a potion of berserk rage {!q}
 m - 3 potions of heal wounds {!q, unknown}
 q - 4 potions of mutation {!q}
Miscellaneous
 r - a condenser vane


   Skills:
 - Level 5.0 Fighting
 - Level 10.0 Short Blades
 - Level 5.0 Armour
 - Level 5.0 Dodging
 - Level 10.0 Stealth
 - Level 1.0 Shields
 - Level 10.0 Spellcasting
 - Level 1.0 Conjurations
 + Level 6.6 Transmutations
 - Level 11.0 Earth Magic
 - Level 5.0 Evocations


You had 14 spell levels left.
You knew the following spells:

 Your Spells              Type           Power        Failure   Level
a - Sandblast             Erth           #####.       1%          1
b - Stone Arrow           Conj/Erth      ####..       1%          3
c - Passwall              Tmut/Erth      #####...     1%          2
d - Lee's Rapid Deconstr  Erth           #####.....   2%          5
e - Petrify               Tmut/Erth      #####...     2%          4

Your spell library contained the following spells:

 Spells                   Type           Power        Failure   Level
 Magic Dart               Conj           ##..         5%          1
 Blink                    Tloc           N/A          12%         2
 Call Imp                 Summ           #.......     12%         2
 Slow                     Hex            #.......     12%         2
 Conjure Flame            Conj/Fire      ##......     19%         3
 Mephitic Cloud           Conj/Pois/Air  ##......     22%         3


Dungeon Overview and Level Annotations

Branches:
Dungeon (1/1)

Altars:
Cheibriados
Dithmenos
Elyvilon
Fedhas
Gozag
Hepliaklqana
Kikubaaqudgha
Makhleb
Nemelex Xobeh
Okawaru
Qazlal
Ru
Sif Muna
Trog
Uskayaw
Vehumet
Wu Jian
Xom
Yredelemnul
Zin
The Shining One
Beogh
Jiyva
Lugonu

Shops:
D (*


Innate Abilities, Weirdness & Mutations

You have razor-sharp teeth.
Your natural rate of healing is unusually fast.
When hurt, damage is shared between your health and your magic reserves.
Your bite disrupts and absorbs the magic of your enemies.
Potions cannot restore your health.
You are immune to rotting.


Message History

Casting: Petrify (dangerous; 2% risk of failure)
Confirm with . or Enter, or press ? or * to list all spells.
Aiming: Petrify (dangerous; 2% risk of failure)
Press: ? - help, Shift-Dir - straight line, f - komodo dragon
Aim: a komodo dragon (chance to defeat MR: 50%)
The komodo dragon resists with some effort.
The cane toad croaks.
The cane toad is no longer distracted by gold.
The komodo dragon barely misses you.
The cane toad becomes distracted by the nearby gold, dreaming of imaginary riches.
Casting: Petrify (dangerous; 2% risk of failure)
Confirm with . or Enter, or press ? or * to list all spells.
Aiming: Petrify (dangerous; 2% risk of failure)
Press: ? - help, Shift-Dir - straight line, f/p - komodo dragon
Aim: a komodo dragon (chance to defeat MR: 50%)
The komodo dragon is moving more slowly.
The cane toad is no longer distracted by gold.
The komodo dragon bites you!!
You die...
Your body crumbles into a pile of gold.

.♣♣.'.⌠........#$ $ $
≈...#...######'# $$$ $
....#.⌠.#__#...#+################
....#...#__#...#....#.#.#.).[∩#^.
....#)###__#...##.#..#.##)###∩#..
....#...#__#...)##)#.#.##.#..##..
....#___#__'...#...#..#..##..'^..
▓▓▓▓▓▓▓▓▓▓▓▓▓▓▓▓▓▓▓▓▓▓▓▓▓▓▓▓▓#.^.
♣♣$F≈l@......≈≈≈...#.^.
+♣♣'♣≈≈≈≈≈≈≈≈≈≈≈≈♣♣..'...
#.≈♣♣♣♣♣♣♣♣♣♣♣♣♣♣♣♣P.#... #..♣
♣♣♣##+# ###+ $$ $ $


You could see a komodo dragon (petrifying) and a cane toad.

Vanquished Creatures
  Erolcha (D)
  A deep elf mage (D)
  A cane toad (D)
  3 wandering mushrooms (D)
  2 redbacks (D)
  A shadow (D)
  A spatial vortex (D)
  A necrophage (D)
  5 two-headed ogres (D)
  A water elemental (D)
  A jelly (D)
  Crazy Yiuf (D)
  A wizard (D)
  Jessica (D)
  A necromancer (D)
  A kobold demonologist (D)
  3 humans (D)
  An ooze (D)
  A rat (D)
28 creatures vanquished.

Vanquished Creatures (others)
  3 plants (D)
3 creatures vanquished.

Grand Total: 31 creatures vanquished

Notes
Turn   | Place    | Note
-------+----------+-------------------------------------------
     0 | D        | sahdkjhfkaj the Vine Stalker Earth Elementalist began the
                  | quest for the Orb.
     0 | D        | Reached XP level 1. HP: 9/9 MP: 4/4
     3 | D        | Reached skill level 4 in Earth Magic
    42 | D        | Noticed Jessica
    48 | D        | Killed Jessica
    48 | D        | Reached skill level 5 in Earth Magic
    48 | D        | Reached skill level 5 in Spellcasting
    48 | D        | Reached XP level 2. HP: 13/13 MP: 2/9
    48 | D        | Reached XP level 3. HP: 16/16 MP: 2/10
   136 | D        | Learned a level 2 spell: Passwall
   148 | D        | Reached skill level 6 in Earth Magic
   227 | D        | Noticed Crazy Yiuf
   233 | D        | Killed Crazy Yiuf
   233 | D        | Reached skill level 7 in Earth Magic
   233 | D        | Gained mutation: Your natural rate of healing is unusually
                  | fast. [Vine Stalker growth]
   233 | D        | Reached XP level 4. HP: 21/21 MP: 9/12
   238 | D        | Learned a level 3 spell: Stone Arrow
   298 | D        | Noticed a water elemental
   303 | D        | Killed a water elemental
   303 | D        | Reached skill level 1 in Conjurations
   303 | D        | Reached skill level 5 in Transmutations
   303 | D        | Reached skill level 5 in Stealth
   303 | D        | Reached XP level 5. HP: 11/24 MP: 2/13
   386 | D        | Learned a level 4 spell: Petrify
   502 | D        | Found a glowing silver altar of Zin.
   502 | D        | Found a glowing golden altar of the Shining One.
   502 | D        | Found a white marble altar of Elyvilon.
   502 | D        | Noticed a deep elf mage
   508 | D        | Killed a deep elf mage
   508 | D        | Reached skill level 10 in Spellcasting
   508 | D        | Reached skill level 10 in Stealth
   508 | D        | Reached XP level 6. HP: 25/28 MP: 4/20
   508 | D        | Reached XP level 7. HP: 29/32 MP: 4/21
   618 | D        | Learned a level 5 spell: Lee's Rapid Deconstruction
   620 | D        | Noticed a shadow
   683 | D        | Reached skill level 8 in Earth Magic
   683 | D        | Reached skill level 1 in Fighting
   684 | D        | Killed a shadow
   684 | D        | Reached skill level 1 in Armour
   684 | D        | Reached skill level 9 in Earth Magic
   736 | D        | Found a blossoming altar of Fedhas.
   736 | D        | Found a stormy altar of Qazlal.
   737 | D        | Found a snail-covered altar of Cheibriados.
   737 | D        | Found a burning altar of Makhleb.
   737 | D        | Found a hazy altar of Hepliaklqana.
   737 | D        | Found a shimmering altar of Xom.
   737 | D        | Found an opulent altar of Gozag.
   737 | D        | Found a sparkling altar of Nemelex Xobeh.
   737 | D        | Found a corrupted altar of Lugonu.
   737 | D        | Found a viscous altar of Jiyva.
   737 | D        | Noticed a spatial vortex
   743 | D        | Killed a spatial vortex
   743 | D        | Reached skill level 10 in Earth Magic
   803 | D        | Became a worshipper of Gozag Ym Sagoz the Greedy
   851 | D        | Found a radiant altar of Vehumet.
   851 | D        | Found a shimmering blue altar of Sif Muna.
   851 | D        | Found an ancient bone altar of Kikubaaqudgha.
   855 | D        | Reached skill level 1 in Evocations
   855 | D        | Gained mutation: You have razor-sharp teeth. [Vine Stalker
                  | growth]
   855 | D        | Reached XP level 8. HP: 38/40 MP: 9/23
   950 | D        | Found a hide-covered altar of Uskayaw.
   950 | D        | Found a roughly hewn altar of Beogh.
   950 | D        | Found an iron altar of Okawaru.
   950 | D        | Found a bloodstained altar of Trog.
   950 | D        | Found an ornate altar of the Wu Jian Council.
   953 | D        | Reached skill level 5 in Evocations
  1042 | D        | Found a basalt altar of Yredelemnul.
  1042 | D        | Found a shadowy altar of Dithmenos.
  1042 | D        | Found a sacrificial altar of Ru.
  1044 | D        | Reached skill level 1 in Shields
  1044 | D        | Reached skill level 5 in Fighting
  1195 | D        | Noticed a two-headed ogre
  1261 | D        | Killed a two-headed ogre
  1261 | D        | Reached XP level 9. HP: 39/47 MP: 8/24
  1473 | D        | Noticed Erolcha
  1473 | D        | Noticed a two-headed ogre
  1479 | D        | Killed Erolcha
  1484 | D        | Killed a two-headed ogre
  1484 | D        | Reached skill level 10 in Short Blades
  1675 | D        | Reached skill level 5 in Dodging
  1716 | D        | Noticed a wandering mushroom
  1720 | D        | Noticed a wandering mushroom
  1727 | D        | Noticed a wandering mushroom
  1731 | D        | Killed a wandering mushroom
  1747 | D        | Reached skill level 5 in Armour
  1747 | D        | Reached XP level 10. HP: 44/51 MP: 5/25
  1903 | D        | Noticed a cane toad
  1903 | D        | Noticed a cane toad
  1916 | D        | Killed a cane toad
  1916 | D        | Reached skill level 11 in Earth Magic
  1921 | D        | Mangled by a komodo dragon

Illustrated notes

Levels and vault maps discovered:
D:        dungeon_sprint_mu [sprint_mu_entry_forest, sprint_mu_temple_rooms,
          sprint_mu_d1_spiders, sprint_mu_d2_genie, sprint_mu_d3_branching,
          sprint_mu_orc_legion, sprint_mu_elf_gauntlet, sprint_mu_hive_nellie,
          sprint_mu_lair_fedhas, sprint_mu_vaults_butterflies,
          sprint_mu_slime_circle, sprint_mu_swamp_cave, sprint_mu_shoals_kraken,
          sprint_mu_blade_basic, sprint_mu_crypt_lich, sprint_mu_tomb_spiral,
          sprint_mu_vestibule_basic, sprint_mu_gehenna_hellfire,
          sprint_mu_dis_giant, sprint_mu_tartarus_statrot,
          sprint_mu_cocytus_islands, sprint_mu_zot1]

Skill      XL: |  1  2  3  4  5  6  7  8  9 10 |
---------------+-------------------------------+-----
Earth Magic    | 5 7 10 11 | 11.0
Spellcasting   | 5 10 | 10.0
Transmutations | 2 5 6 |  6.6
Conjurations   | 1 |  1.0
Stealth        | 5 10 | 10.0
Fighting       | 3 5 |  5.0
Armour         | 1 5 |  5.0
Evocations     | 1 5 |  5.0
Shields        | 1 |  1.0
Dodging        | 2 5 |  5.0
Short Blades   | 6 10 | 10.0

Action                   |  1- 3 |  4- 6 |  7- 9 | 10-12 || total
-------------------------+-------+-------+-------+-------++-------
Melee: Dagger            |       |       |    17 |     5 ||    22
       Bite              |       |       |     4 |     1 ||     5
 Cast: Sandblast         |    14 |     8 |     6 |       ||    28
       Stone Arrow       |       |     2 |     5 |       ||     7
       Lee's Rapid Decon |       |       |    11 |       ||    11
       Petrify           |       |       |    13 |     5 ||    18
Invok: Call Merchant     |       |       |     1 |     1 ||     2
Evoke: Condenser vane    |       |       |     1 |       ||     1
  Use: Scroll            |       |       |     1 |       ||     1
       Potion            |       |       |       |     2 ||     2
 Stab: Petrified         |       |       |    10 |     1 ||    11
       Sleeping          |       |       |     3 |     1 ||     4
Armor: Robe              |     1 |       |     1 |     1 ||     3
Dodge: Dodged            |     5 |     2 |    14 |     8 ||    29

Table legend: (Time is in decaauts)
 A = Elapsed time spent in this place.
 B = Non-inter-level travel time spent in this place.
 C = Inter-level travel time spent in this place.
 D = Time resting spent in this place.
 E = Time spent auto-exploring this place.
 F = Levels seen in this place.
 G = Mean time per level.
                   A        B        C        D        E       F      G
               +--------+--------+--------+--------+--------+-----+--------+
         Total |   1924 |   1850 |     74 |   1291 |     12 |   1 | 1924.0 |
       Dungeon |   1924 |   1850 |     74 |   1291 |     12 |   1 | 1924.0 |
               +--------+--------+--------+--------+--------+-----+--------+

Top non-repeatable levels by time:
       D: 1924 daAuts
